 Dungeon Crawl Stone Soup version 0.27.0-1-g7a089689b8 (webtiles) character file.

Game seed: 7961137854954141276

2824 GordonOverkill the Zephyrmancer (level 9, -5/40 (43) HPs)
             Began as a Felid Necromancer on Aug 3, 2021.
             Was a Believer of Vehumet.
             Killed from afar by Harold (13 damage)
             ... with a harpoon shot
             ... on level 8 of the Dungeon.
             The game lasted 00:25:33 (17242 turns).

GordonOverkill the Zephyrmancer (FeNe)             Turns: 17242, Time: 00:25:34

HP:   -5/40 (43)    AC:  2    Str: 12    XL:     9   Next: 45%
MP:   6/20          EV:  9    Int: 20    God:    Vehumet [**....]
Gold: 159           SH:  0    Dex: 16    Spells: 14/22 levels left
                                        Lives: 0   Deaths: 2

rFire    . . .     SeeInvis +   (weapon unavailable)
rCold    . . .     Faith    .   (shield unavailable)
rNeg     + . .     Spirit   .   (armour unavailable)
rPois    .         Reflect  .   (helmet unavailable)
rElec    .         Harm     .   (cloak unavailable)
rCorr    +         Rampage  +   (gloves unavailable)
Will     +....                  (boots unavailable)
Stlth    ++........             i - amulet "Robapt" {Acrobat Rampage rN+ Str+2}
HPRegen  0.13/turn              l - ring of resist corrosion
MPRegen  0.17/turn              q - +6 ring of strength

@: marked, unable to read, held, hasted, drained, very quick
A: very small, claws 1, fangs 3, see invisible, speed 1, shaggy fur 2, stealthy
paws, no weapons or thrown items, no armour, multi-lived, inability to read
while threatened
a: Renounce Religion


You were on level 8 of the Dungeon.
You worshipped Vehumet.
Vehumet was pleased with you.
You visited 2 branches of the dungeon, and saw 10 of its levels.

You collected 337 gold pieces.
You spent 178 gold pieces at shops.

Inventory:

Jewellery
 i - the amulet "Robapt" (around neck) {Acrobat Rampage rN+ Str+2}
   (You acquired it on level 7 of the Dungeon)

   [amulet of the acrobat]

   It increases your evasion while moving and waiting.
   Str:       It affects your strength (+2).
   rN:        It protects you from negative energy.
   Rampage:   It bestows one free step when moving towards enemies.
 l - a ring of resist corrosion (left paw)
 o - a ring of ice
 q - a +6 ring of strength (right paw)
Scrolls
 c - 3 scrolls of holy word
 d - a scroll of teleportation
 f - 2 scrolls of magic mapping
 h - a scroll of fear
 j - 2 scrolls of amnesia {unknown}
 k - 2 scrolls of fog
 n - 3 scrolls of identify
Potions
 a - a potion of flight
 b - a potion of might
 e - a potion of mutation
 g - 2 potions of attraction {unknown}


   Skills:
 - Level 7.0 Fighting
 - Level 2.6 Dodging
 - Level 2.6 Stealth
 - Level 7.0 Spellcasting
 - Level 4.0 Necromancy
 + Level 9.2 Air Magic


You had 14 spell levels left.
You knew the following spells:

 Your Spells              Type           Power      Damage    Failure   Level
a - Pain                  Necr           92%        1d8       1%          1
b - Vampiric Draining     Necr           11%        2d7       5%          3
c - Airstrike             Air            22%        N/A       1%          4

Your spell library contained the following spells:

 Spells                   Type           Power      Damage    Failure   Level
 Searing Ray              Conj           14%        3d3       14%         2
 Animate Skeleton         Necr           46%        N/A       1%          1
 Shock                    Conj/Air       100%       1d9       1%          1
 Swiftness                Air            44%        N/A       1%          3
 Animate Dead             Necr           11%        N/A       19%         4
 Silence                  Hex/Air        12%        N/A       36%         5
 Agony                    Necr           23%        N/A       45%         5
 Passage of Golubria      Tloc           N/A        N/A       67%         4
 Summon Forest            Summ/Tloc      3%         N/A       95%         5
 Summon Mana Viper        Hex/Summ       7%         N/A       95%         5
 Shadow Creatures         Summ           N/A        N/A       100%        6
 Lehudib's Crystal Spear  Conj/Erth      3%         10d3      100%        8


Dungeon Overview and Level Annotations

Branches:
Dungeon (9/15)             Temple (1/1) D:4
   Lair: D:8-11         Orc: D:9-12

Altars:
Ashenzari
Cheibriados
Dithmenos
Elyvilon
Fedhas
Gozag
Hepliaklqana
Kikubaaqudgha
Makhleb
Nemelex Xobeh
Okawaru
Qazlal
Ru
Sif Muna
Trog
Uskayaw
Vehumet
Wu Jian
Xom
Zin
The Shining One

Shops:
D:4 ?   D:6 ?

Annotations:
D:5 exclusion: two-headed ogre
D:6 3 runed translucent doors, Maggie; weresquid's ghost, novice DrGl
D:8 Harold


Innate Abilities, Weirdness & Mutations

You have sharp claws.
You have razor-sharp teeth.
You have supernaturally acute eyesight. (SInv)
You cover ground quickly. (Speed+)
You are covered in thick fur. (AC +2)
Your paws help you pounce on unaware monsters.
You are incapable of wielding weapons or throwing items.
You cannot wear armour.
You gain extra lives every three experience levels.
You sometimes lose the ability to read scrolls when taking damage.


Message History

You scratch the howler monkey zombie but do no damage.
You bite the howler monkey zombie.
The howler monkey zombie is almost destroyed.
The howler monkey zombie hits you.
You feel threatened and lose the ability to read scrolls!
* * * LOW HITPOINT WARNING * * *
There is a stone staircase leading up here.
You climb upwards.
Level annotation: Harold You can read scrolls again.
The wight hits you with a +0 short sword.
You feel threatened and lose the ability to read scrolls!
* * * LOW HITPOINT WARNING * * *
You partially resist.
You feel drained.
There is a stone staircase leading down here.
The wight completely misses you.
You can read scrolls again.
Your magical contamination has completely faded away.
Things that are here:
18 arrows; a +1 shortbow of freezing Harold shouts!
Harold throws a throwing net.
The throwing net hits you.
You become entangled in the net!
You see here a throwing net.
You tear a large gash into the net.
Harold zaps a wand.
The mass of ice explodes!
The iceblast engulfs you!
You feel threatened and lose the ability to read scrolls!
* * * LOW HITPOINT WARNING * * *
You struggle against the net.
You rip the net and break free!
Harold throws a throwing net.
The throwing net hits you.
You become entangled in the net!
You feel yourself speed up. Harold casts a spell at you.
A sentinel's mark forms upon you.
You cannot read scrolls in your current state!
Unknown command.
You struggle against the net.
Harold fires a harpoon shot at you. The harpoon shot hits you!
You die...

...#####...#####.###
.......#........#..#
....@......#####..>#
.#######...######..# .#
#...@..# #..# .#
#.###..###..# .# #.#
#....#..# .#
#.###.##.#..## .#
#.....##.@...#
.#######....###.#z#.#
.....<.)........#.#.#
.).....)##.##.###.#.###
...........##.# #.....#
..##...)#####)# ###.#.#
.###....<.[...# ##....#
.#
#.############.....######
.# #.# #.....(......#


You could see Harold and a wight.

Vanquished Creatures
  Joseph (D:7)
  Psyche (D:8)
  Sigmund (D:6)
  Grum (D:8)
  Edmund (D:5)
  2 water moccasins
  An orc warrior (D:8)
  2 ice beasts
  A hornet zombie (D:6)
  An ogre (D:6)
  3 wolves (D:8)
  2 centaurs
  2 kobold brigands
  4 bullfrogs
  2 scorpions
  A wyvern zombie (D:7)
  A killer bee (D:9)
  A wight (D:8)
  9 howler monkeys
  A bullfrog zombie (D:6)
  A bullfrog skeleton (D:5)
  3 jellies
  2 centaur zombies
  2 orc priests
  3 hounds
  A centaur skeleton (D:4)
  2 iguanas (D:5)
  2 orc wizards (D:8)
  A killer bee zombie (D:6)
  A hound skeleton (D:5)
  5 adders
  8 gnolls
  A white imp (D:7)
  2 ufetubi (D:6)
  4 worms
  13 orcs
  10 ball pythons
  2 endoplasms
  3 giant cockroaches
  12 hobgoblins
  7 jackals
  17 kobolds
  2 quokkas
  6 bats
  5 frilled lizards
  8 goblins
  2 rats
163 creatures vanquished.

Vanquished Creatures (others)
  8 fungi (D:6)
  2 plants (D:2)
10 creatures vanquished.

Grand Total: 173 creatures vanquished

Notes
Turn   | Place    | Note
-------+----------+-------------------------------------------
     0 | D:1      | GordonOverkill the Felid Necromancer began the quest for
                  | the Orb.
     0 | D:1      | Reached XP level 1. HP: 7/7 MP: 4/4
   704 | D:1      | Found a faded altar of an unknown god.
   721 | D:1      | Reached skill level 1 in Fighting
   833 | D:1      | Reached XP level 2. HP: 9/12 MP: 3/6
  2393 | D:2      | Reached XP level 3. HP: 12/16 MP: 2/8
  2468 | D:2      | Learned a level 3 spell: Vampiric Draining
  4415 | D:3      | Reached XP level 4. HP: 15/20 MP: 4/9
  5396 | D:3      | Noticed a phantom
  6112 | D:4      | Found an iron altar of Okawaru.
  6332 | D:2      | Learned a level 4 spell: Airstrike
  6366 | D:4      | Found Ynlof's Magic Scroll Emporium.
  6515 | D:3      | Reached XP level 5. HP: 23/24 MP: 3/11
  6614 | D:4      | Bought a scroll of identify for 28 gold pieces
  6614 | D:4      | Bought a scroll of identify for 28 gold pieces
  6614 | D:4      | Bought a scroll of identify for 28 gold pieces
  6776 | D:4      | Found a staircase to the Ecumenical Temple.
  6781 | D:4      | Reached skill level 1 in Air Magic
  6807 | Temple   | Entered the Ecumenical Temple
  7027 | Temple   | Became a worshipper of Vehumet
  7305 | D:4      | Found a hide-covered altar of Uskayaw.
  7635 | D:4      | Gained mutation: You are covered in thick fur. (AC +2)
                  | [Felid growth]
  7635 | D:4      | Reached XP level 6. HP: 19/28 MP: 13/13
  7907 | D:4      | Reached skill level 2 in Air Magic
  8248 | D:4      | Bought a scroll of teleportation for 42 gold pieces
  8248 | D:4      | Bought a scroll of fog for 28 gold pieces
  8251 | D:5      | Entered Level 5 of the Dungeon
  8411 | D:5      | Noticed a water moccasin
  8962 | D:5      | Killed a water moccasin
  8963 | D:5      | Reached skill level 3 in Air Magic
  9182 | D:5      | Reached skill level 4 in Air Magic
  9182 | D:5      | Reached XP level 7. HP: 31/32 MP: 7/14
  9865 | D:5      | Noticed a two-headed ogre
 10206 | D:6      | Reached skill level 5 in Air Magic
 10341 | D:6      | Found Kiseva Lica's Magic Scroll Emporium.
 10350 | D:6      | Bought a scroll of identify for 24 gold pieces
 10492 | D:6      | Noticed Sigmund
 10500 | D:6      | Killed Sigmund
 10501 | D:6      | Reached skill level 6 in Air Magic
 10615 | D:6      | Noticed Maggie
 10615 | D:6      | Noticed Edmund
 10626 | D:7      | Reached * piety under Vehumet
 10626 | D:7      | Offered knowledge of Sandblast by Vehumet.
 10630 | D:7      | Succumbed to a kobold brigand's curare-tipped dart
 10631 | D:7      | Reached XP level 6. HP: -2/28 MP: 8/13
 10638 | D:7      | Found a stormy altar of Qazlal.
 10686 | D:7      | Reached XP level 7. HP: 32/32 MP: 4/14
 10795 | D:7      | Identified a scroll of acquirement
 10796 | D:7      | Acquired the amulet "Robapt" {Acrobat Rampage rN+ Str+2}
 10813 | D:7      | Found a shimmering blue altar of Sif Muna.
 11560 | D:7      | Found a white marble altar of Elyvilon.
 11729 | D:7      | Reached skill level 5 in Fighting
 11824 | D:7      | Reached skill level 5 in Spellcasting
 12020 | D:7      | Reached XP level 8. HP: 37/37 MP: 7/16
 12180 | D:7      | Reached skill level 7 in Air Magic
 12186 | D:6      | Gained mutation: You sometimes lose the ability to read
                  | scrolls when taking damage. [potion of mutation]
 12190 | D:6      | Slain by a centaur zombie
 12191 | D:6      | Reached XP level 7. HP: -1/33 MP: 8/16
 12765 | D:5      | Killed Edmund
 12899 | D:6      | Found a runed translucent gate.
 12899 | D:6      | Found a runed translucent gate.
 12899 | D:6      | Found a runed translucent gate.
 13372 | D:6      | Noticed weresquid's ghost (novice DrGl)
 13534 | D:6      | Found a glowing golden altar of the Shining One.
 13872 | D:7      | Found a white marble altar of Elyvilon.
 13994 | D:7      | Found a stormy altar of Qazlal.
 14256 | D:8      | Noticed Psyche
 14267 | D:8      | Killed Psyche
 14268 | D:8      | Reached skill level 8 in Air Magic
 14268 | D:8      | Reached XP level 8. HP: 11/37 MP: 1/18
 14627 | D:8      | Noticed Joseph
 14924 | D:7      | Killed Joseph
 15318 | D:8      | Noticed Grum
 15320 | D:8      | Reached XP level 9. HP: 41/41 MP: 11/20
 15503 | D:8      | Killed Grum
 15869 | D:8      | Reached skill level 9 in Air Magic
 16469 | D:8      | Offered knowledge of Searing Ray by Vehumet.
 16517 | D:8      | Reached ** piety under Vehumet
 16641 | D:8      | Noticed Harold
 17242 | D:8      | Killed from afar by Harold

Illustrated notes

Levels and vault maps discovered:
D:1:      dpeg_arrival_rhombus, layout_loops_ring,
          shapermc_ecumenical_altar_mp_urbaneastern
D:2:      layout_basic, serial_forest, infiniplex_forest_zigzag_2,
          infiniplex_forest_clump_double, infiniplex_forest_corner_1,
          infiniplex_forest_clump_medium, infiniplex_forest_lined_room_2,
          infiniplex_forest_clump_small, infiniplex_forest_straight_5,
          minmay_3d_cube
D:3:      layout_loops_ring, grunt_ministairs_6
D:4:      layout_loops_ring, mainiacjoe_overflow_catwalk_spiral,
          minmay_temple_entry_proselytizer, serial_shops, nicolae_stop_n_shop_2,
          chequers_serial_rivers_micro_a, hangedman_decor_clover_reticule
D:5:      layout_basic
D:6:      layout_loops_ring, mainiacjoe_overflow_alcove_4, gammafunk_ghost_icy,
          serial_shops, shop, uniq_sigmund, uniq_maggie, uniq_edmund
D:7:      layout_basic, mainiacjoe_overflow_cross_hatched, lemuel_tele_altar,
          nicolae_qazlal_general_emergency
D:8:      layout_loops_ring, chequers_guarded_unrand_ignorance, uniq_psyche,
          uniq_joseph, uniq_grum, uniq_harold
D:9:      minmay_sliced_demisemicircle, layout_basic,
          mainiacjoe_overflow_24_doors, david_orc_3,
          minmay_fractal_squares_gapless_5
Temple:   regret_index_temple_generic_petals

Skill      XL: |  1  2  3  4  5  6  7  8  9 |
---------------+----------------------------+-----
Fighting       | 1 2 3 4 5 6 7 |  7.0
Spellcasting   | 3 4 6 7 |  7.0
Air Magic      | 1 4 8 7 9 |  9.2
Dodging        | |  2.6
Stealth        | |  2.6
Necromancy     | |  4.0

Action                   |  1- 3 |  4- 6 |  7- 9 || total
-------------------------+-------+-------+-------++-------
Melee: Unarmed           |     1 |    33 |    72 ||   106
       Bite              |       |     3 |     9 ||    12
 Cast: Pain              |    97 |   118 |    77 ||   292
       Vampiric Draining |     1 |    18 |    71 ||    90
       Airstrike         |       |       |    68 ||    68
  Use: Scroll            |     6 |     6 |     7 ||    19
       Potion            |       |     2 |    11 ||    13
 Stab: Sleeping          |     1 |     2 |     2 ||     5
       Invisible         |       |     1 |       ||     1
Armor: Skin              |     1 |     8 |    12 ||    21
Dodge: Dodged            |     5 |    78 |   173 ||   256
